 Dungeon Crawl Stone Soup version 0.29.1-12-g30fa7ad0bf (webtiles) character file.

Game seed: 12721765511778420969

19 hawla the Chiller (level 3, -1/26 HPs)
             Began as a Meteoran Ice Elementalist on Dec 12, 2022.
             Slain by a white imp (2 damage)
             ... on level 4 of the Dungeon on Dec 13, 2022.
             The game lasted 00:03:48 (255 turns).

hawla the Chiller (Meteoran Ice Elementalist)        Turns: 255, Time: 00:03:49

Health: -1/26      AC:  2    Str:  9    XL:     3   Next: 11%
Magic:  1/8        EV: 12    Int: 18    God:
Gold:   66         SH:  0    Dex: 15    Spells: 4/8 levels left

rFire   + . .      SeeInvis .   (no weapon)
rCold   + . .      Faith    .   (no shield)
rNeg    . . .      Spirit   .   a - +0 robe
rPois   +          Reflect  .   (no helmet)
rElec   +          Harm     .   (no cloak)
rCorr   +          Rampage  .   (no gloves)
Will    .....                   (no boots)
Stlth   +.........              e - amulet of the acrobat
HPRegen 0.08/turn               (no ring)
MPRegen 0.11/turn               (no ring)

@: brilliant, resistant, freezing walls, glowing
A: sense surroundings 1, otherworldly, glowing, explore regen
a: no special abilities


You were on level 4 of the Dungeon.
You visited 1 branch of the dungeon, and saw 4 of its levels.

You collected 66 gold pieces.

Inventory:

Armour
 a - a +0 robe (worn)
Jewellery
 e - an amulet of the acrobat (around neck)
Scrolls
 c - a scroll of identify {unknown}
Potions
 b - a potion of magic


   Skills:
 + Level 2.5 Dodging
 - Level 1.4 Stealth
 + Level 3.2 Spellcasting
 + Level 4.9 Ice Magic


You had 4 spell levels left.
You knew the following spells:

 Your Spells              Type           Power      Damage    Failure   Level
a - Freeze                Ice            100%       1d11      1%          1
b - Frozen Ramparts       Ice            62%        1d10      6%          3

Your spell library contained the following spells:

 Spells                   Type           Power      Damage    Failure   Level
 Ozocubu's Armour         Ice            31%        N/A       6%          3
 Hailstorm                Conj/Ice       17%        3d6       50%         4


Dungeon Overview and Level Annotations

Branches:
Dungeon (4/15) Zot: 2142
 Temple: D:4-7

Altars:


Innate Abilities, Weirdness & Mutations

You passively map a small area around you.
You are easily found by Zot.
You glow in the dark.
You regain HP and MP as you explore.


Message History

Unknown command.
Casting: Freeze (safe; 1% risk of failure)
Confirm with . or Enter, or press ? or * to list all spells.
Aiming: Freeze (safe; 1% risk of failure)
Press: ? - help, Shift-Dir - straight line, f/p - white imp
Aim: a white imp (lightly wounded)
You freeze the white imp.
The white imp resists.
The white imp is moderately wounded.
The white imp gestures at you. The puff of frost hits you!
* * * LOW HITPOINT WARNING * * *
It was a potion of resistance.
You feel protected. The white imp gestures at you. The puff of frost hits you.
You resist.
* * * LOW HITPOINT WARNING * * *
It was a potion of brilliance.
You feel clever all of a sudden. The white imp barely misses you.
Casting: Freeze (safe; 1% risk of failure)
Confirm with . or Enter, or press ? or * to list all spells.
The spell is quite dangerous to miscast (6% risk of failure)!
Continue anyway?
Casting: Frozen Ramparts (quite dangerous; 6% risk of failure)
Press: ? - help, Dir - look around, f - activate You feel a surge of power!
The walls around you are covered in ice.
The wall freezes the white imp but does no damage.
The white imp gestures at you. The puff of frost misses you.
Casting: Frozen Ramparts (quite dangerous; 6% risk of failure)
Confirm with . or Enter, or press ? or * to list all spells.
Aiming: Freeze (safe; 1% risk of failure)
Press: ? - help, Shift-Dir - straight line, f - white imp
Aim: a white imp (moderately wounded)
You feel a surge of power!
You freeze the white imp.
The white imp resists.
The white imp is heavily wounded.
The white imp completely resists.
The wall freezes the white imp but does no damage.
The white imp hits you.
You die...

* * , ,
*###* * ...
, .. , , ,
#####*
###.### *
...,
,,..... #.#
#.5######.*
* #<#
#.@.......
#.#
#..######.
#.#
#.........
,* #.#
##.######.
#.# #.# , ,
#.# #.# , ,
#.# ###[#
,* * #.#
#...# #.#
#.###


You could see a white imp.

Vanquished Creatures
  An orc (D:3)
  3 ball pythons
  2 endoplasms (D:3)
  A hobgoblin (D:3)
  7 jackals
  A goblin (D:3)
15 creatures vanquished.

Notes
Turn   | Place    | Note
-------+----------+-------------------------------------------
     0 | D:1      | hawla the Meteoran Ice Elementalist began the quest for the
                  | Orb.
     0 | D:1      | Reached XP level 1. HP: 14/14 MP: 5/5
    79 | D:2      | Reached XP level 2. HP: 11/20 MP: 0/6
   169 | D:3      | Reached XP level 3. HP: 23/26 MP: 6/8
   175 | D:3      | Learned a level 3 spell: Frozen Ramparts
   252 | D:4      | HP: 1/26 [white imp/puff of frost (4)]
   255 | D:4      | Slain by a white imp

Illustrated notes

Levels and vault maps discovered:
D:1:      beargit_arrival_diablo_church, layout_loops_ring,
          hellmonk_ecumenical_altar_dog_temple
D:2:      layout_basic, minmay_quadrilaterals, uniq_crazy_yiuf_cottage
D:3:      layout_basic, led_sif_pool, st_stairs_9
D:4:      layout_basic, slow_altar_2, lemuel_crystal_altar,
          nzn_wu_jian_contemplation, uniq_edmund, uniq_robin

Skill      XL: |  1  2 |
---------------+-------+-----
Spellcasting   | 3 |  3.2
Dodging        | |  2.5
Stealth        | |  1.4
Ice Magic      | |  4.9

Action                   || total
-------------------------++-------
Melee: Unarmed           ||     1
 Cast: Freeze            ||    28
       Frozen Ramparts   ||     1
  Use: Potion            ||     2
Armor: Robe              ||    11
Dodge: Dodged            ||    26
